 Dungeon Crawl Stone Soup version 0.23-b1-51-gfe822ef6ca (webtiles) character file.

Game seed: 4290075136381770309

123 Revguard the Conjurer (level 4, -1/24 HPs)
             Began as a Deep Elf Conjurer on Feb 4, 2019.
             Slain by an orc wizard
             ... wielding a +0 dagger
              (4 damage)
             ... on level 3 of the Dungeon.
             The game lasted 00:09:18 (2267 turns).

Revguard the Conjurer (Deep Elf Conjurer)           Turns: 2267, Time: 00:09:19

Health: -1/24      AC:  3    Str: 10    XL:     4   Next: 80%
Magic:  3/11       EV: 13    Int: 20    God:
Gold:   81         SH:  0    Dex: 16    Spells: 0/10 levels left

rFire    . . .     SeeInvis .   k - +4 quarterstaff (chaos)
rCold    . . .     Gourm    .   (shield currently unavailable)
rNeg     . . .     Faith    .   a - +0 robe
rPois    .         Spirit   .   (no helmet)
rElec    .         Reflect  .   l - +0 cloak
rCorr    .         Harm     .   (no gloves)
MR       .....                  (no boots)
Stlth    ++........             (no amulet)
HPRegen  0.08/turn              (no ring)
MPRegen  0.12/turn              (no ring)

@: mighty
A: no striking features
a: no special abilities


You were on level 3 of the Dungeon.
You were hungry.

You visited 1 branch of the dungeon, and saw 3 of its levels.

You collected 81 gold pieces.

Inventory:

Hand Weapons
 k - a +4 quarterstaff of chaos (weapon)
Armour
 a - a +0 robe (worn)
 l - a +0 cloak (worn)
Scrolls
 b - 7 scrolls of identify {unknown}
 d - 2 scrolls of teleportation {unknown}
 e - 2 scrolls of fear {unknown}
 f - 2 scrolls of noise {unknown}
 i - a scroll of remove curse {unknown}
Potions
 h - a potion of resistance {unknown}
 j - a potion of mutation {unknown}
Comestibles
 c - 4 rations


   Skills:
 + Level 2.6 Dodging
 + Level 2.7 Stealth
 + Level 3.9 Spellcasting
 + Level 6.2 Conjurations
 * Level 1.0 Hexes


You couldn't memorise any spells.
You knew the following spells:

 Your Spells              Type           Power        Failure   Level  Hunger
a - Magic Dart            Conj           ####         1%          1    None
b - Searing Ray           Conj           ####..       1%          2    ##.....
c - Dazzling Spray        Conj/Hex       ###...       9%          3    ###....
d - Iskenderun's Mystic   Conj           ####....     10%         4    ####...

Your spell library contained the following spells:

 Spells                   Type           Power        Failure   Level  Hunger
 Fulminant Prism          Conj/Hex       ###.......   28%         4    ####...
 Force Lance              Conj/Tloc      ###.....     36%         4    ####...


Dungeon Overview and Level Annotations

Branches:
Dungeon (3/15)

Altars:
Makhleb


Message History

The quokka bites you but does no damage.
Something hits you. The quokka misses you.
Something hits you but does no damage. The quokka bites you.
You hit the quokka.
You kill the quokka!
Something hits you but does no damage. Something hits you.
* * * LOW HITPOINT WARNING * * *
It was a potion of might.
You feel very mighty all of a sudden. Something hits you.
* * * LOW HITPOINT WARNING * * *
The orc hits you but does no damage. Something hits you but does no damage.
You hit the orc.
The orc is heavily wounded.
Something hits you but does no damage. The orc barely misses you.
Something hits you but does no damage.
You closely miss the orc.
The orc is heavily wounded.
Something hits you.
You die...

...##
.......#...#
.......#...#
......#...####
#....#......
#....+....#
#....##...#
#.....o@..#
#....)#<..+
#.....#†..#
#.....+...+
#....##...#
#....##...#
#....##...#
#....##...#
###########


You could see an orc.

Vanquished Creatures
  Crazy Yiuf (D:2)
  3 adders (D:2)
  2 oozes (D:2)
  A worm (D:2)
  2 dart slugs
  2 leopard geckos
  A ball python (D:2)
  A giant cockroach (D:2)
  7 hobgoblins
  7 kobolds
  2 quokkas (D:3)
  8 bats
  4 frilled lizards
  5 goblins
  4 rats (D:2)
50 creatures vanquished.

Notes
Turn   | Place    | Note
-------+----------+-------------------------------------------
     0 | D:1      | Revguard the Deep Elf Conjurer began the quest for the Orb.
     0 | D:1      | Reached XP level 1. HP: 10/10 MP: 6/6
   103 | D:1      | Reached XP level 2. HP: 15/15 MP: 1/8
   107 | D:1      | Learned a level 2 spell: Searing Ray
   380 | D:1      | Reached skill level 5 in Conjurations
   894 | D:2      | Reached XP level 3. HP: 19/19 MP: 2/9
   899 | D:2      | Learned a level 3 spell: Dazzling Spray
  1486 | D:2      | Reached XP level 4. HP: 24/24 MP: 7/11
  1869 | D:2      | Reached skill level 6 in Conjurations
  1912 | D:2      | Found a runed translucent door.
  1913 | D:2      | Noticed Crazy Yiuf
  1920 | D:2      | Killed Crazy Yiuf
  2177 | D:2      | Found a burning altar of Makhleb.
  2236 | D:3      | Learned a level 4 spell: Iskenderun's Mystic Blast
  2239 | D:3      | Reached skill level 1 in Hexes
  2267 | D:3      | Slain by an orc wizard

Skill      XL: |  1  2  3  4 |
---------------+-------------+-----
Conjurations   | 5 6 |  6.2
Hexes          | 1 |  1.0
Dodging        | |  2.6
Stealth        | |  2.7
Spellcasting   | |  3.9

Action                   |  1- 3 |  4- 6 || total
-------------------------+-------+-------++-------
Melee: Quarterstaff      |       |     8 ||     8
 Cast: Magic Dart        |    41 |    10 ||    51
       Searing Ray       |     8 |     4 ||    12
       Dazzling Spray    |     4 |     2 ||     6
       Iskenderun's Myst |       |     1 ||     1
  Use: Potion            |       |     1 ||     1
  Eat: Chunk             |     2 |     2 ||     4
Armor: Robe              |     1 |     7 ||     8
Dodge: Dodged            |     7 |     4 ||    11
